[ AOE2 MATCH · #505767139 ]
UnrankedMagyars vs Tupi
Player's team · LOSS
Rival team · WIN
[ REPLAY ANALYSIS · EXTRACTED FROM THE RECORDED GAME ]
Feudal
9:39
Castle
25:17
Imperial
—
| APM avg | 39.1 |
| APM peak | 77 |
| eAPM avg | 15.2 |
| Villagers / military | 61 / 20 |
Focus
⚔️ 40.0% · 🌾 60.0%
Scout Cavalry ×20
Feudal
11:21
Castle
29:42
Imperial
—
| APM avg | 72.8 |
| APM peak | 126 |
| eAPM avg | 42.7 |
| Villagers / military | 189 / 13 |
Focus
⚔️ 46.7% · 🌾 53.3%
Unknown (2550) ×51 · Unknown (2579) ×31 · Spearman ×9 · Battering Ram ×4
Match map
Initial resources + every placement click. Lines = walls · curves = elevation contours. ◆ gold · ⬟ stone · ● berries · ✦ relic · ◌ wall gap
Your base· Open — unwalled flank
SVTT | Альпинист's base· Open — unwalled flank
Smoothed initial terrain · ◌ = detected wall gap · hover for details
Inputs per minute
— Player46887455 - - SVTT | Альпинист
Build order — Player46887455
147 actions detected in the replay
| 0:01 | Create | Villager (Male) |
| 0:01 | Create | Villager (Male) |
| 0:01 | Create | Villager (Male) |
| 0:02 | Build | House |
| 0:03 | Build | House |
| 0:09 | Create | Villager (Male) |
| 0:09 | Create | Villager (Male) |
| 0:09 | Create | Villager (Male) |
| 0:10 | Create | Villager (Male) |
| 1:25 | Create | Villager (Male) |
| 1:26 | Create | Villager (Male) |
| 1:26 | Create | Villager (Male) |
| 1:58 | Create | Villager (Male) |
| 1:58 | Create | Villager (Male) |
| 2:23 | Create | Villager (Male) |
| 2:23 | Create | Villager (Male) |
| 2:23 | Create | Villager (Male) |
| 2:23 | Create | Villager (Male) |
| 2:53 | Create | Villager (Male) |
| 2:53 | Create | Villager (Male) |
| 2:53 | Create | Villager (Male) |
| 2:53 | Create | Villager (Male) |
| 2:59 | Create | Villager (Male) |
| 3:00 | Create | Villager (Male) |
| 3:15 | Build | Lumber Camp |
| 3:47 | Create | Villager (Male) |
| 3:47 | Create | Villager (Male) |
| 3:47 | Create | Villager (Male) |
| 3:48 | Create | Villager (Male) |
| 3:53 | Build | House |
| 4:14 | Create | Villager (Male) |
| 4:33 | Research | Loom |
| 4:37 | Build | House |
| 4:56 | Create | Villager (Male) |
| 5:11 | Create | Villager (Male) |
| 5:48 | Create | Villager (Male) |
| 6:34 | Create | Villager (Male) |
| 6:39 | Build | House |
| 6:43 | Build | Mill |
| 6:55 | Create | Villager (Male) |
| 7:22 | Build | Palisade Wall |
| 7:29 | Research | Feudal Age |
| 8:30 | Build | Barracks |
| 8:38 | Build | Barracks |
| 9:03 | Create | Villager (Male) |
| 9:39 | Age | Feudal Age |
| 9:42 | Build | Stable |
| 9:51 | Research | Double-Bit Axe |
| 9:54 | Create | Villager (Male) |
| 9:59 | Build | Palisade Wall |
| 10:15 | Create | Villager (Male) |
| 10:25 | Create | Scout Cavalry |
| 10:32 | Build | House |
| 10:34 | Build | House |
| 10:38 | Create | Scout Cavalry |
| 10:43 | Create | Villager (Male) |
| 10:50 | Build | Palisade Wall |
| 11:11 | Create | Scout Cavalry |
| 11:13 | Create | Villager (Male) |
| 11:25 | Create | Villager (Male) |
| 11:27 | Build | Farm |
| 11:34 | Build | Farm |
| 11:46 | Build | House |
| 11:48 | Create | Scout Cavalry |
| 11:49 | Create | Villager (Male) |
| 11:51 | Build | Farm |
| 12:00 | Build | Palisade Wall |
| 12:05 | Create | Scout Cavalry |
| 12:10 | Build | Farm |
| 12:22 | Create | Scout Cavalry |
| 12:36 | Build | House |
| 12:41 | Build | Farm |
| 12:42 | Create | Villager (Male) |
| 12:45 | Build | Farm |
| 13:12 | Create | Scout Cavalry |
| 13:12 | Create | Scout Cavalry |
| 13:13 | Create | Scout Cavalry |
| 13:14 | Create | Villager (Male) |
| 13:50 | Create | Scout Cavalry |
| 14:19 | Create | Scout Cavalry |
| 14:25 | Build | House |
| 14:38 | Create | Scout Cavalry |
| 15:02 | Build | Farm |
| 15:05 | Build | Farm |
| 15:19 | Create | Villager (Male) |
| 15:19 | Create | Villager (Male) |
| 15:20 | Build | Farm |
| 15:25 | Build | Palisade Gate |
| 15:58 | Create | Villager (Male) |
| 15:58 | Create | Villager (Male) |
| 15:58 | Create | Villager (Male) |
| 16:13 | Build | Watch Tower |
| 16:21 | Create | Villager (Male) |
| 16:45 | Build | Farm |
| 16:46 | Build | Farm |
| 16:50 | Create | Scout Cavalry |
| 17:09 | Create | Villager (Male) |
| 17:09 | Create | Villager (Male) |
| 17:10 | Create | Villager (Male) |
| 17:11 | Build | Farm |
| 17:23 | Build | Farm |
| 17:24 | Create | Villager (Male) |
| 17:52 | Create | Villager (Male) |
| 17:56 | Build | Lumber Camp |
| 18:09 | Create | Scout Cavalry |
| 18:09 | Create | Scout Cavalry |
| 18:09 | Create | Scout Cavalry |
| 18:20 | Build | House |
| 18:27 | Create | Villager (Male) |
| 18:42 | Create | Villager (Male) |
| 19:00 | Create | Villager (Male) |
| 19:15 | Build | Mining Camp |
| 19:43 | Create | Villager (Male) |
| 20:02 | Build | Market |
| 20:06 | Create | Villager (Male) |
| 20:27 | Create | Villager (Male) |
| 20:35 | Build | Palisade Wall |
| 20:44 | Build | Palisade Wall |
| 20:52 | Build | Palisade Wall |
| 20:54 | Create | Villager (Male) |
| 21:21 | Build | Blacksmith |
| 21:24 | Create | Villager (Male) |
| 22:07 | Build | Mining Camp |
| 22:36 | Build | Farm |
| 22:37 | Research | Castle Age |
| 22:45 | Build | House |
| 22:47 | Build | House |
| 22:50 | Build | House |
| 22:53 | Build | Stone Wall |
| 22:59 | Build | Stone Wall |
| 23:03 | Build | Palisade Gate |
| 23:18 | Build | Farm |
| 23:26 | Build | Stone Wall |
| 23:34 | Research | Stone Mining |
| 24:00 | Build | Stone Wall |
| 25:17 | Age | Castle Age |
| 25:24 | Create | Villager (Male) |
| 25:34 | Build | Farm |
| 25:36 | Build | Farm |
| 25:57 | Build | Castle |
| 26:10 | Build | Stone Wall |
| 26:13 | Build | Stone Wall |
| 32:59 | Create | Scout Cavalry |
| 32:59 | Create | Scout Cavalry |
| 33:00 | Create | Scout Cavalry |
| 33:00 | Create | Scout Cavalry |
| 37:04 | Build | Stone Wall |
Build order — SVTT | Альпинист
First 150 of 431 actions detected
| 0:01 | Create | Villager (Male) |
| 0:01 | Create | Villager (Male) |
| 0:01 | Create | Villager (Male) |
| 0:02 | Create | Villager (Male) |
| 0:02 | Build | House |
| 0:05 | Build | House |
| 0:18 | Build | Barracks |
| 1:02 | Create | Villager (Male) |
| 1:29 | Research | Loom |
| 1:37 | Create | Unit 2550 |
| 1:37 | Create | Unit 2550 |
| 2:04 | Create | Unit 2550 |
| 2:20 | Create | Villager (Male) |
| 2:42 | Create | Villager (Male) |
| 3:16 | Create | Villager (Male) |
| 3:22 | Create | Villager (Male) |
| 3:44 | Build | House |
| 4:03 | Create | Villager (Male) |
| 4:04 | Create | Villager (Male) |
| 4:10 | Create | Villager (Male) |
| 4:10 | Create | Villager (Male) |
| 4:50 | Build | House |
| 5:08 | Create | Villager (Male) |
| 5:08 | Create | Villager (Male) |
| 5:08 | Create | Villager (Male) |
| 5:24 | Create | Villager (Male) |
| 5:24 | Create | Villager (Male) |
| 5:49 | Create | Villager (Male) |
| 5:49 | Create | Villager (Male) |
| 5:57 | Create | Unit 2550 |
| 5:57 | Create | Unit 2550 |
| 6:25 | Build | Settlement |
| 6:45 | Create | Villager (Male) |
| 6:45 | Create | Villager (Male) |
| 6:45 | Create | Villager (Male) |
| 7:28 | Create | Villager (Male) |
| 7:28 | Create | Villager (Male) |
| 8:03 | Build | Settlement |
| 8:12 | Create | Villager (Male) |
| 8:49 | Build | Settlement |
| 9:11 | Research | Feudal Age |
| 9:11 | Research | Feudal Age |
| 10:10 | Create | Unit 2550 |
| 10:35 | Create | Villager (Male) |
| 10:40 | Create | Unit 2550 |
| 10:40 | Create | Unit 2550 |
| 11:21 | Age | Feudal Age |
| 11:27 | Research | Tech 1402 |
| 11:27 | Research | Tech 1402 |
| 11:42 | Create | Spearman |
| 11:48 | Create | Villager (Male) |
| 11:48 | Create | Villager (Male) |
| 11:51 | Create | Villager (Male) |
| 12:00 | Build | Watch Tower |
| 12:32 | Build | Watch Tower |
| 12:45 | Build | Watch Tower |
| 12:49 | Build | Watch Tower |
| 12:52 | Create | Villager (Male) |
| 12:52 | Create | Villager (Male) |
| 12:59 | Create | Villager (Male) |
| 13:29 | Create | Unit 2550 |
| 13:58 | Create | Villager (Male) |
| 14:00 | Create | Spearman |
| 14:01 | Create | Spearman |
| 14:35 | Create | Villager (Male) |
| 15:02 | Create | Spearman |
| 15:03 | Create | Spearman |
| 15:31 | Create | Villager (Male) |
| 15:36 | Build | Farm |
| 15:39 | Build | Farm |
| 15:40 | Build | Farm |
| 15:40 | Build | Farm |
| 15:40 | Build | Farm |
| 15:55 | Create | Spearman |
| 15:55 | Create | Spearman |
| 16:04 | Build | House |
| 16:06 | Build | Palisade Wall |
| 16:09 | Build | Palisade Wall |
| 16:10 | Build | Watch Tower |
| 16:22 | Create | Villager (Male) |
| 16:43 | Build | Farm |
| 16:43 | Build | Farm |
| 16:43 | Build | Farm |
| 16:44 | Build | Farm |
| 16:44 | Build | Farm |
| 17:03 | Create | Villager (Male) |
| 17:32 | Build | Watch Tower |
| 17:54 | Build | Palisade Wall |
| 17:55 | Build | Palisade Wall |
| 17:57 | Build | Palisade Wall |
| 18:02 | Create | Villager (Male) |
| 18:02 | Create | Villager (Male) |
| 18:02 | Create | Villager (Male) |
| 18:03 | Create | Villager (Male) |
| 18:05 | Build | Barracks |
| 18:10 | Create | Unit 2550 |
| 18:10 | Create | Unit 2550 |
| 18:10 | Create | Unit 2550 |
| 18:14 | Create | Villager (Male) |
| 18:14 | Create | Villager (Male) |
| 18:23 | Research | Horse Collar |
| 18:23 | Research | Horse Collar |
| 18:25 | Create | Villager (Male) |
| 18:25 | Create | Villager (Male) |
| 18:27 | Build | Palisade Wall |
| 18:40 | Build | Farm |
| 19:02 | Create | Unit 2550 |
| 19:02 | Create | Unit 2550 |
| 19:10 | Build | House |
| 19:12 | Build | Farm |
| 19:31 | Build | Farm |
| 19:32 | Build | Farm |
| 19:46 | Build | House |
| 19:59 | Create | Villager (Male) |
| 19:59 | Create | Villager (Male) |
| 20:05 | Build | Watch Tower |
| 20:13 | Build | House |
| 20:17 | Create | Unit 2550 |
| 20:19 | Create | Unit 2550 |
| 20:33 | Create | Unit 2550 |
| 20:34 | Create | Unit 2550 |
| 20:47 | Create | Villager (Male) |
| 20:47 | Create | Villager (Male) |
| 20:52 | Create | Villager (Male) |
| 20:52 | Create | Villager (Male) |
| 20:57 | Create | Unit 2550 |
| 20:57 | Create | Unit 2550 |
| 21:03 | Build | Watch Tower |
| 21:08 | Create | Villager (Male) |
| 21:09 | Create | Villager (Male) |
| 21:22 | Create | Unit 2550 |
| 21:23 | Create | Unit 2550 |
| 21:27 | Create | Villager (Male) |
| 21:34 | Build | Watch Tower |
| 21:44 | Build | Watch Tower |
| 21:51 | Create | Villager (Male) |
| 21:51 | Create | Villager (Male) |
| 21:54 | Create | Villager (Male) |
| 22:01 | Build | Market |
| 22:17 | Research | Arson |
| 22:17 | Research | Arson |
| 22:17 | Create | Villager (Male) |
| 22:18 | Create | Villager (Male) |
| 22:30 | Create | Villager (Male) |
| 22:30 | Create | Villager (Male) |
| 22:34 | Create | Villager (Male) |
| 22:36 | Create | Villager (Male) |
| 22:36 | Create | Villager (Male) |
| 22:38 | Build | Blacksmith |
| 22:55 | Create | Villager (Male) |
Match timeline
| 0:18 | SVTT | Альпинист · first_building Barracks |
| 7:22 | Player46887455 · wall_segment Palisade Wall x1 |
| 8:30 | Player46887455 · first_building Barracks |
| 9:39 | Player46887455 · age_up feudal |
| 9:42 | Player46887455 · first_building Stable |
| 9:59 | Player46887455 · wall_segment Palisade Wall x1 |
| 10:50 | Player46887455 · wall_segment Palisade Wall x8 |
| 11:21 | SVTT | Альпинист · age_up feudal |
| 12:00 | Player46887455 · wall_segment Palisade Wall x1 |
| 16:06 | SVTT | Альпинист · wall_segment Palisade Wall x1 |
| 16:09 | SVTT | Альпинист · wall_segment Palisade Wall x1 |
| 17:54 | SVTT | Альпинист · wall_segment Palisade Wall x1 |
| 17:55 | SVTT | Альпинист · wall_segment Palisade Wall x1 |
| 17:57 | SVTT | Альпинист · wall_segment Palisade Wall x1 |
| 18:27 | SVTT | Альпинист · wall_segment Palisade Wall x1 |
| 20:35 | Player46887455 · wall_segment Palisade Wall x9 |
| 20:44 | Player46887455 · wall_segment Palisade Wall x6 |
| 20:52 | Player46887455 · wall_segment Palisade Wall x4 |
| 22:17 | Player46887455 · first_market_buy 100 food |
| 22:18 | Player46887455 · first_market_sell 100 stone |
| 22:53 | Player46887455 · wall_segment Stone Wall x1 |
| 22:59 | Player46887455 · wall_segment Stone Wall x1 |
| 23:07 | SVTT | Альпинист · first_market_buy 100 food |
| 23:26 | Player46887455 · wall_segment Stone Wall x2 |
| 24:00 | Player46887455 · wall_segment Stone Wall x1 |
| 24:33 | SVTT | Альпинист · wall_segment Palisade Wall x1 |
| 24:34 | SVTT | Альпинист · wall_segment Palisade Wall x1 |
| 25:17 | Player46887455 · age_up castle |
| 25:34 | SVTT | Альпинист · first_market_sell 100 wood |
| 25:57 | Player46887455 · first_building Castle |
| 26:10 | Player46887455 · wall_segment Stone Wall x1 |
| 26:13 | Player46887455 · wall_segment Stone Wall x1 |
| 29:42 | SVTT | Альпинист · age_up castle |
| 30:39 | SVTT | Альпинист · first_building Siege Workshop |
| 37:04 | Player46887455 · wall_segment Stone Wall x1 |
| 38:22 | SVTT | Альпинист · first_building Castle |
| 39:42 | SVTT | Альпинист · wall_segment Stone Wall x3 |
[ AI ANALYSIS · 1 CREDIT ]
What really happened in this match?
Wolo.gg analyzes every decision: build order, eco, micro, common mistakes by bracket. Personalized analysis on WhatsApp or Discord in 30 seconds.
Civ guide
Magyars
Perfil
Jugador #25495124